[Event "8th RTU Open 2018"]
[Site "Riga"]
[Date "2018.08.07"]
[Round "3"]
[White "Makoveev, Ilya"]
[Black "Duzhakov, Ilya"]
[Result "1/2-1/2"]
[ECO "B92"]
[WhiteElo "2249"]
[BlackElo "2441"]
[Annotator "NA"]
[PlyCount "85"]
[EventDate "2018.08.06"]
[EventType "swiss"]
[EventCountry "LAT"]
[SourceTitle "playchess.com"]
[Source "ChessBase"]
[SourceQuality "1"]
[TimeControl "5400+30"]

1. e4 c5 2. Nf3 d6 3. d4 cxd4 4. Nxd4 Nf6 5. Nc3 a6 6. Be2 e5 7. Nf3 Be7 8. Bg5 Be6 9. Bxf6 Bxf6 10. Nd5 Nd7 11. O-O Rc8 12. c3 O-O 13. Qd2 Bxd5 14. Qxd5 Qc7 15. Rfd1 Be7 16. Nd2 b5 17. Nf1 Nb6 18. Qd3 Na4 19. Qc2 Bg5 20. g3 g6 21. h4 Bh6 22. Rd5 Nb6 23. Rd3 f5 24. Rad1 Rf6 25. Qb3+ Kh8 26. exf5 gxf5 27. Qa3 f4 28. Bf3 fxg3 29. Nxg3 Rcf8 30. Bg2 Qa7 31. Rxd6 Nc4 32. Rxf6 Rxf6 33. Rd8+ Kg7 34. Nh5+ Kg6 35. Nxf6 Nxa3 36. Rd6 Qb8 37. Ne4+ Kg7 38. Rd7+ Kg6 39. Rd6+ Kg7 40. Rd7+ Kg6 41. Rd6+ Kg7 42. bxa3 Qc8 43. h5 1/2-1/2

[Event "8th RTU Open 2018"]
[Site "Riga"]
[Date "2018.08.07"]
[Round "3"]
[White "Mierins, Eriks"]
[Black "Lagunow, Raphael"]
[Result "1-0"]
[ECO "B33"]
[WhiteElo "2235"]
[BlackElo "2404"]
[Annotator "NA"]
[PlyCount "107"]
[EventDate "2018.08.06"]
[EventType "swiss"]
[EventCountry "LAT"]
[SourceTitle "playchess.com"]
[Source "ChessBase"]
[SourceQuality "1"]
[TimeControl "5400+30"]

1. e4 c5 2. Nf3 Nc6 3. d4 cxd4 4. Nxd4 Nf6 5. Nc3 e5 6. Ndb5 d6 7. Bg5 a6 8. Na3 b5 9. Nd5 Be7 10. Bxf6 Bxf6 11. c4 b4 12. Nc2 a5 13. g3 Bg5 14. h4 Bh6 15. Nce3 Bxe3 16. Nxe3 Nd4 17. Bg2 Ra7 18. O-O O-O 19. Qd3 Rc7 20. b3 a4 21. Nc2 Nxc2 22. Qxc2 Be6 23. Qd2 Rc6 24. Qxb4 axb3 25. axb3 Rb6 26. Qc3 Qb8 27. Ra3 Qb7 28. Rd1 Qc7 29. Rd3 Rfb8 30. Qd2 h6 31. Kh2 Qc5 32. Ra5 Qc7 33. Ra3 Qc5 34. Qa2 Qb4 35. Ra6 Rxa6 36. Qxa6 Rb6 37. Qa1 Qc5 38. Qe1 Kf8 39. Bh3 Ke7 40. Bxe6 fxe6 41. Qe3 Qxe3 42. Rxe3 Kd7 43. Kh3 Kc6 44. Kg4 Kc5 45. Kh5 Kd4 46. Kg6 Rb7 47. h5 Ra7 48. Re1 Kc3 49. Rd1 Kxb3 50. Rxd6 Kxc4 51. g4 Kc5 52. Rd8 Rb7 53. f3 Rb3 54. Rf8 {[%emt 0:00:18] Kd5} 1-0

[Event "8th RTU Open 2018"]
[Site "Riga"]
[Date "2018.08.07"]
[Round "3"]
[White "Manafov, Vugar Gulam"]
[Black "Berzinsh, Roland"]
[Result "1-0"]
[ECO "A06"]
[WhiteElo "2215"]
[BlackElo "2408"]
[Annotator "NA"]
[PlyCount "93"]
[EventDate "2018.08.06"]
[EventType "swiss"]
[EventCountry "LAT"]
[SourceTitle "playchess.com"]
[Source "ChessBase"]
[SourceQuality "1"]
[TimeControl "5400+30"]

1. Nf3 d5 2. g3 g6 3. Bg2 Bg7 4. d4 c5 5. c3 Nc6 6. O-O Nf6 7. Ne5 O-O 8. Nxc6 bxc6 9. dxc5 a5 10. Nd2 a4 11. e4 Qa5 12. exd5 cxd5 13. b4 axb3 14. Nxb3 Qxc3 15. Be3 e5 16. Bxd5 Nxd5 17. Qxd5 Be6 18. Qd2 Qc4 19. Rac1 Qe4 20. f3 Qc6 21. Qd6 Qb5 22. c6 Rxa2 23. Nd2 Rc8 24. c7 Bf8 25. Qc6 Qb2 26. Rf2 Qa3 27. Rc3 Qa5 28. Ne4 Ra1+ 29. Kg2 Bb4 30. Rcc2 Be7 31. Rfd2 Qa6 32. Qxa6 Rxa6 33. Bg5 Bxg5 34. Nxg5 Bf5 35. Rc5 h6 36. Rd8+ Kg7 37. Ne4 Ra2+ 38. Kg1 Raa8 39. Rxc8 Bxc8 40. Rxe5 Ra1+ 41. Kf2 Rc1 42. Rc5 Rd1 43. Rc6 Ra1 44. Nd6 Ra8 45. Rb6 Ra2+ 46. Ke3 Be6 47. Ne8+ 1-0

[Event "8th RTU Open 2018"]
[Site "Riga"]
[Date "2018.08.07"]
[Round "3"]
[White "Isik, Alparslan"]
[Black "Garriga Cazorla, Pere"]
[Result "0-1"]
[ECO "D38"]
[WhiteElo "2187"]
[BlackElo "2444"]
[Annotator "NA"]
[PlyCount "86"]
[EventDate "2018.08.06"]
[EventType "swiss"]
[EventCountry "LAT"]
[SourceTitle "playchess.com"]
[Source "ChessBase"]
[SourceQuality "1"]
[TimeControl "5400+30"]

1. d4 Nf6 2. c4 e6 3. Nf3 d5 4. Nc3 Bb4 5. cxd5 exd5 6. Bf4 O-O 7. Rc1 c6 8. e3 Bf5 9. a3 Be7 10. Bd3 Bxd3 11. Qxd3 Nbd7 12. h3 Re8 13. O-O a5 14. Qc2 Nb6 15. Ne5 Nfd7 16. Nxd7 Qxd7 17. a4 Nc4 18. b3 Nd6 19. Rfe1 Bf8 20. Red1 Re6 21. Bxd6 Rxd6 22. Kf1 Re8 23. Qd3 Rde6 24. Ne2 Bd6 25. Rc2 Bc7 26. Re1 h5 27. Qf5 g6 28. Qg5 Re4 29. Ng3 Bd8 30. Qh6 R4e6 31. Rce2 h4 32. Nh1 f5 33. Qf4 Re4 34. Qf3 Be7 35. g3 Bb4 36. Rd1 Qe7 37. gxh4 Qxh4 38. Qg3 Qh5 39. Rd3 f4 40. Qg4 Qxg4 41. hxg4 f3 42. Rc2 Rxg4 43. Ng3 Kg7 0-1

[Event "8th RTU Open 2018"]
[Site "Riga"]
[Date "2018.08.07"]
[Round "3"]
[White "Jazdanovs, Aleksandrs"]
[Black "Ruiz Castillo, Joshua Daniel"]
[Result "0-1"]
[ECO "C15"]
[WhiteElo "2042"]
[BlackElo "2415"]
[Annotator "NA"]
[PlyCount "62"]
[EventDate "2018.08.06"]
[EventType "swiss"]
[EventCountry "LAT"]
[SourceTitle "playchess.com"]
[Source "ChessBase"]
[SourceQuality "1"]
[TimeControl "5400+30"]

1. e4 e6 2. d4 d5 3. Nc3 Bb4 4. exd5 exd5 5. Bd3 Nf6 6. Nge2 O-O 7. O-O Bg4 8. Bg5 c6 9. Qd2 Nbd7 10. a3 Bd6 11. h3 Bh5 12. Nf4 Bg6 13. Nxg6 fxg6 14. Rfe1 Qc7 15. Re6 Nh5 16. Rae1 Bh2+ 17. Kh1 Nf4 18. Bxf4 Bxf4 19. Qe2 Bd6 20. g3 Nf6 21. Kg2 Rf7 22. Qe3 Raf8 23. Re2 Qd7 24. Qg5 b5 25. f4 Nh5 26. Qg4 Bxf4 27. gxf4 Nxf4+ 28. Kh2 h5 29. Qg3 Nxe2 30. Rxe2 Rf3 31. Qg2 Qd6+ 0-1

[Event "8th RTU Open 2018"]
[Site "Riga"]
[Date "2018.08.07"]
[Round "3"]
[White "Pavlov, Sergey"]
[Black "Kuznecovs, Nikita"]
[Result "1-0"]
[ECO "A46"]
[WhiteElo "2003"]
[BlackElo "2280"]
[Annotator "NA"]
[PlyCount "61"]
[EventDate "2018.08.06"]
[EventType "swiss"]
[EventCountry "LAT"]
[SourceTitle "playchess.com"]
[Source "ChessBase"]
[SourceQuality "1"]
[TimeControl "5400+30"]

1. Nf3 Nf6 2. d4 e6 3. e3 c5 4. Bd3 b6 5. O-O Be7 6. c4 cxd4 7. exd4 d6 8. Nc3 Bb7 9. d5 e5 10. Nh4 O-O 11. Nf5 Re8 12. f4 Bf8 13. fxe5 dxe5 14. Bg5 Nbd7 15. Ne4 Kh8 16. Nfd6 Bxd6 17. Nxd6 Qc7 18. Nxe8 Rxe8 19. Kh1 e4 20. Be2 Qe5 21. Qc1 e3 22. Bf4 Qe4 23. Qc3 b5 24. Bd3 b4 25. Qc2 Qd4 26. Rad1 Qb6 27. Qe2 h5 28. Rf3 Ng4 29. h3 g5 30. Bxg5 Rg8 31. Bxe3 1-0